 Dungeon Crawl Stone Soup version 0.23.2-33-g5129a83184 (webtiles) character file.

Game seed: 8445905921797342766

21 MalarOregon the Digger (level 2, 0/22 (23) HPs)
             Began as a Ghoul Earth Elementalist on July 12, 2019.
             Slain by a rat (2 damage)
             ... on level 1 of the Dungeon.
             The game lasted 00:01:41 (1166 turns).

MalarOregon the Digger (Ghoul Earth Elementalist)   Turns: 1166, Time: 00:01:41

HP:   0/22 (23)     AC:  2    Str: 11    XL:     2   Next: 87%
MP:   1/4           EV: 12    Int: 10    God:
Gold: 28            SH:  0    Dex:  9    Spells: 4/5 levels left

rFire    . . .     SeeInvis .   f - +0 dagger
rCold    + . .     Gourm    .   (no shield)
rNeg     + + +     Faith    .   c - +0 robe
rPois    ∞         Spirit   .   (no helmet)
rElec    .         Reflect  .   (no cloak)
rCorr    .         Harm     .   (no gloves)
MR       .....                  (no boots)
Stlth    ++........             (no amulet)
HPRegen  0.00/turn              (no ring)
MPRegen  0.09/turn              (no ring)

@: rotting
A: rotting body, claws 1, carnivore, cold resistance 1, negative energy
resistance 3, inhibited regeneration, torment resistance, unbreathing
a: no special abilities


You were on level 1 of the Dungeon.
You were not hungry.

You visited 1 branch of the dungeon, and saw 1 of its levels.

You collected 28 gold pieces.

Inventory:

Hand Weapons
 f - a +0 dagger (weapon)
   (You took it off a goblin on level 1 of the Dungeon)
Missiles
 b - 58 stones (quivered)
Armour
 c - a +0 robe (worn)
Scrolls
 g - a scroll of magic mapping {unknown}
 i - a scroll of noise {unknown}
Potions
 a - a potion of lignification {unknown}
 h - a potion of mutation {unknown}
Comestibles
 e - a ration {!d}


   Skills:
 + Level 1.0 Fighting
 - Level 1.7 Dodging
 - Level 2.1 Stealth
 * Level 2.2 Spellcasting
   Level 0.8 Transmutations
 * Level 3.7 Earth Magic


You had 4 spell levels left.
You knew the following spells:

 Your Spells              Type           Power        Failure   Level  Hunger
a - Sandblast             Erth           #.....       6%          1    ##.....

Your spell library contained the following spells:

 Spells                   Type           Power        Failure   Level  Hunger
 Passwall                 Tmut/Erth      #.......     19%         2    ###....
 Stone Arrow              Conj/Erth      #.....       38%         3    ####...
 Petrify                  Tmut/Erth      #.......     75%         4    #####..
 Lee's Rapid Deconstruct  Erth           #.........   87%         5    ######.


Dungeon Overview and Level Annotations

Branches:
Dungeon (1/15)

Altars:


Innate Abilities, Weirdness & Mutations

Your body is rotting away.
You thrive on raw meat.
You are immune to poison.
You have sharp fingernails.
You are carnivorous and can eat meat at any time.
Your flesh is cold resistant. (rC+)
You are immune to negative energy. (rN+++)
You do not regenerate when monsters are visible.
You are immune to unholy pain and torment.
You can survive without breathing.


Message History

The jackal bites you but does no damage.
You hit the jackal. The jackal completely misses you.
The jackal bites you but does no damage.
Aim: a jackal The blast of sand hits the jackal.
You kill the jackal!
b - 59 stones You hit the jackal but do no damage.
The jackal bites you. The jackal closely misses you.
A jackal comes into view.
You barely miss the jackal.
The jackal barks!
The jackal bites you but does no damage.
You hit the jackal. The jackal bites you. The jackal misses you.
You barely miss the jackal. The jackal misses you.
You closely miss the jackal. The jackal barely misses you.
A jackal comes into view.
You hit the jackal. The jackal misses you. The jackal bites you.
You closely miss the jackal. The jackal closely misses you.
You closely miss the jackal. The jackal misses you.
The jackal completely misses you.
You hit the jackal. The jackal bites you.
You hit the jackal.
You kill the jackal!
Aim: a jackal The blast of sand hits the jackal!
You kill the jackal!
b - 58 stones The jackal bites you but does no damage.
You hit the jackal. The jackal bites you.
* * * LOW HITPOINT WARNING * * *
You barely miss the jackal. The jackal misses you.
You hit the jackal. The jackal bites you.
* * * LOW HITPOINT WARNING * * *
The jackal closely misses you.
You hit the jackal. The jackal bites you.
* * * LOW HITPOINT WARNING * * *
You barely miss the jackal. The jackal bites you.
* * * LOW HITPOINT WARNING * * *
The jackal bites you.
* * * LOW HITPOINT WARNING * * *
You hit the jackal.
You kill the jackal!
Your Fighting skill increases to level 1!
You closely miss the rat. The rat bites you.
* * * LOW HITPOINT WARNING * * *
You closely miss the rat. The rat barely misses you.
You barely miss the rat. The rat bites you but does no damage.
You hit the rat but do no damage. The rat bites you.
You die...

#........#[#
#..........#
#.......#..#
#.......#..#
#.......##.#
##########.#
#.# #.# #@#
#r# ..)
.....
.......
.........
#..........
#..........#


You could see a rat.

Vanquished Creatures
  A dart slug (D:1)
  2 bats (D:1)
  3 giant cockroaches (D:1)
  2 goblins (D:1)
  A hobgoblin (D:1)
  4 jackals (D:1)
  A kobold (D:1)
  2 rats (D:1)
16 creatures vanquished.

Notes
Turn   | Place    | Note
-------+----------+-------------------------------------------
     0 | D:1      | MalarOregon the Ghoul Earth Elementalist began the quest
                  | for the Orb.
     0 | D:1      | Reached XP level 1. HP: 14/14 MP: 2/2
   336 | D:1      | Reached XP level 2. HP: 5/22 MP: 0/4
  1162 | D:1      | Reached skill level 1 in Fighting
  1166 | D:1      | Slain by a rat

Skill      XL: |  1  2 |
---------------+-------+-----
Spellcasting   | 2 |  2.2
Fighting       | 1 |  1.0
Dodging        | |  1.7
Stealth        | |  2.1
Transmutations | |  0.8
Earth Magic    | |  3.7

Action                   || total
-------------------------++-------
Melee: Unarmed           ||    20
       Dagger            ||    74
 Cast: Sandblast         ||     9
  Eat: Chunk             ||     1
Armor: Robe              ||    24
Dodge: Dodged            ||    71
